 Dungeon Crawl Stone Soup version 0.29-a0-559-g359e09b9d1 (webtiles) character file.

Game seed: 14097915878550958956

6101 kae the Arsonist (level 10, 0/59 HPs)
             Began as a Deep Elf Fire Elementalist on June 9, 2022.
             Was a Believer of Vehumet.
             Slain by a red ugly thing (4 damage)
             ... on level 10 of the Dungeon.
             The game lasted 00:11:44 (11942 turns).

kae the Arsonist (Deep Elf Fire Elementalist)      Turns: 11942, Time: 00:11:44

Health: 0/59       AC: 11    Str: 13    XL:     10   Next: 58%
Magic:  5/24       EV: 15    Int: 25    God:    Vehumet [**....]
Gold:   1346       SH:  0    Dex: 15    Spells: 6/26 levels left

rFire   + . .      SeeInvis .   i - staff of fire
rCold   + . .      Faith    .   (no shield)
rNeg    + . .      Spirit   .   L - +0 swamp dragon scales
rPois   +          Reflect  .   (no helmet)
rElec   .          Harm     .   p - +0 cloak
rCorr   .          Rampage  .   K - +0 pair of gloves
Will    +....                   J - +1 pair of boots {Stlth+}
Stlth   ++........              F - amulet of the acrobat
HPRegen 0.19/turn               a - ring "Natranye" {*Corrode rPois rC+ rN+ Str+8}
MPRegen 0.19/turn               h - +4 ring of evasion

@: no status effects
A: no striking features
a: Renounce Religion


You were on level 10 of the Dungeon.
You worshipped Vehumet.
Vehumet was pleased with you.
You visited 2 branches of the dungeon, and saw 11 of its levels.
You also visited: Ossuary and Bailey.

You collected 1394 gold pieces.
You spent 48 gold pieces at shops.

Inventory:

Armour
 p - a +0 cloak (worn)
 v - a +0 pair of boots of flying
 J - a +1 pair of boots of stealth (worn)
 K - a +0 pair of gloves (worn)
 L - +0 swamp dragon scales (worn)
Magical Staves
 i - a staff of fire (weapon)
Jewellery
 a - the ring "Natranye" (left hand) {*Corrode rPois rC+ rN+ Str+8}
   (You took it off an orc knight in a bailey)

   [ring of poison resistance]

   Str:       It affects your strength (+8).
   rC:        It protects you from cold.
   rPois:     It protects you from poison.
   rN:        It protects you from negative energy.
   *Corrode:  It may corrode you when you take damage.
 d - a ring of flight
 e - an amulet of reflection
 h - a +4 ring of evasion (right hand)
 q - a ring of poison resistance
 D - an amulet of faith
 F - an amulet of the acrobat (around neck)
Wands
 k - a wand of mindburst (13)
 m - a wand of paralysis (7)
 s - a wand of iceblast (6)
 C - a wand of flame (27)
 I - a wand of acid (9)
Scrolls
 c - 5 scrolls of teleportation
 l - 2 scrolls of fear
 n - 2 scrolls of silence
 t - 3 scrolls of brand weapon
 y - a scroll of poison
 B - 2 scrolls of enchant weapon
 G - 2 scrolls of fog
 N - a scroll of blinking
Potions
 f - 3 potions of curing
 g - 4 potions of flight
 j - 3 potions of haste
 o - a potion of berserk rage
 u - a potion of brilliance
 w - 3 potions of cancellation
 x - 3 potions of might
 z - 2 potions of degeneration
 A - 3 potions of lignification
 E - a potion of attraction
 H - a potion of mutation
Miscellaneous
 M - a phantom mirror


   Skills:
 + Level 5.2 Fighting
 * Level 3.6 Dodging
 - Level 2.4 Stealth
 + Level 8.9 Spellcasting
 * Level 10.1 Conjurations
 * Level 10.7 Fire Magic


You had 6 spell levels left.
You knew the following spells:

 Your Spells              Type           Power      Damage    Failure   Level
a - Foxfire               Conj/Fire      100%       2x1d9     1%          1
b - Scorch                Fire           100%       2d10      1%          2
c - Conjure Flame         Conj/Fire      76%        6-21      1%          3
d - Inner Flame           Hex/Fire       54%        N/A       4%          3
e - Flame Wave            Conj/Fire      76%        2d14      1%          4
f - Sticky Flame          Conj/Fire      76%        2d9       1%          4
g - Ignite Poison         Fire/Tmut/Pois 43%        N/A       9%          3

Your spell library contained the following spells:

 Spells                   Type           Power      Damage    Failure   Level
 Poisonous Vapours        Pois/Air       22%        N/A       19%         2
 Stone Arrow              Conj/Erth      72%        3d11      4%          3
 Freeze                   Ice            44%        1d6       12%         1
 Necrotize                Necr           44%        1d6       12%         1
 Sandblast                Erth           22%        2d7       12%         1
 Slow                     Hex            44%        N/A       12%         1
 Hailstorm                Conj/Ice       36%        3d9       16%         4
 Passwall                 Tmut/Erth      9%         N/A       19%         2
 Sublimation of Blood     Necr           11%        N/A       19%         2
 Confusing Touch          Hex            11%        N/A       36%         3
 Frozen Ramparts          Ice            22%        1d4       36%         3
 Portal Projectile        Hex/Tloc       22%        N/A       36%         3
 Tukima's Dance           Hex            11%        N/A       36%         3
 Vampiric Draining        Necr           11%        2d6       36%         3
 Irradiate                Conj/Tmut      18%        3d19      38%         5
 Petrify                  Tmut/Erth      11%        N/A       77%         4
 Agony                    Necr           11%        N/A       98%         5
 Blade Hands              Tmut           5%         N/A       98%         5


Dungeon Overview and Level Annotations

Branches:
Dungeon (10/15)            Temple (1/1) D:7         Ossuary (visited)
 Bailey (visited)
   Lair: D:8-11         Orc: D:9-12

Altars:
Ashenzari
Cheibriados
Dithmenos
Elyvilon
Gozag
Hepliaklqana
Kikubaaqudgha
Makhleb
Nemelex Xobeh
Okawaru
Qazlal
Ru
Sif Muna
Trog
Vehumet
Wu Jian
Xom
Yredelemnul
Zin
The Shining One

Shops:
D:8 !*[*

Annotations:
D:10 exclusions: centaur warrior and cyclops


Message History

Aim: a red ugly thing (severely wounded, 100% to hit)
You feel a surge of power!
The sticky flame hits the red ugly thing.
The red ugly thing resists.
The red ugly thing is almost dead.
The red ugly thing tentacle-slaps you.
You are engulfed in flames!
You resist.
Casting: Sticky Flame (dangerous; 1% risk of failure)
Confirm with . or Enter, or press ? or * to list all spells.
Aiming: Sticky Flame (dangerous; 1% risk of failure)
Press: ? - help, Shift-Dir - straight line, f/p - red ugly thing
Aim: a red ugly thing (almost dead, 100% to hit)
You feel a surge of power!
The sticky flame hits the red ugly thing.
The red ugly thing resists.
The red ugly thing is almost dead.
The red ugly thing misses you.
Casting: Sticky Flame (dangerous; 1% risk of failure)
Confirm with . or Enter, or press ? or * to list all spells.
Aiming: Sticky Flame (dangerous; 1% risk of failure)
Press: ? - help, Shift-Dir - straight line, f/p - red ugly thing
Aim: a red ugly thing (almost dead, 100% to hit)
You feel a surge of power!
The sticky flame hits the red ugly thing.
The red ugly thing resists.
The red ugly thing is almost dead.
The red ugly thing tentacle-slaps you.
* * * LOW HITPOINT WARNING * * *
You are engulfed in flames!
You resist.
* * * LOW HITPOINT WARNING * * *
Casting: Sticky Flame (dangerous; 1% risk of failure)
Confirm with . or Enter, or press ? or * to list all spells.
Aiming: Sticky Flame (dangerous; 1% risk of failure)
Press: ? - help, Shift-Dir - straight line, f/p - red ugly thing
Aim: a red ugly thing (almost dead, 100% to hit)
You feel a surge of power!
The sticky flame hits the red ugly thing.
The red ugly thing resists.
The red ugly thing is almost dead.
The red ugly thing tentacle-slaps you.
You die...

###.....##################
..=........)..............
..........................
.(.$.................[....
..........................
.)................<.......
#########.................
##..###...................
##.!..#......@u............
#.....#..(................#
#........####.##########
#..#.....# #.# #..#.....#
#.# #C..##....# #.. [!...
###..# ##. #=##.. #.## ..
#. ### #.# ##


You could see a red ugly thing.

Vanquished Creatures
  A two-headed ogre (D:9)
  An orc knight (Bailey)
  Maggie (D:7)
  A gargoyle (D:7)
  A wyvern (D:9)
  4 yaks (D:9)
  Menkaure (D:6)
  A water moccasin (D:5)
  8 orc warriors
  An ice beast (D:5)
  A black bear (D:4)
  3 centaurs
  2 ogres (D:5)
  3 phantoms
  3 bullfrogs
  2 gnoll sergeants
  4 scorpions
  2 water moccasin zombies (Ossuary)
  12 killer bees
  2 vampire bats (D:9)
  A howler monkey (D:8)
  3 hounds
  5 orc priests
  4 orc wizards
  3 mummies
  8 gnolls
  5 adders
  A shadow imp (D:7)
  A white imp (D:7)
  2 ufetubi
  5 adder zombies (Ossuary)
  A dart slug (D:2)
  29 orcs
  11 bats
  6 endoplasms
  2 giant cockroaches
  19 goblins
  6 hobgoblins
  4 jackals
  11 kobolds
  2 quokkas
  10 ball pythons
  A frilled lizard (D:2)
  6 hobgoblin zombies (Ossuary)
  4 kobold zombies (Ossuary)
  3 orc zombies (Ossuary)
  7 rats
214 creatures vanquished.

Vanquished Creatures (collateral kills)
  2 foxfires (D:2)
2 creatures vanquished.

Vanquished Creatures (others)
  A centaur (D:7)
  519 foxfires
  A fungus (D:2)
  A plant (D:2)
522 creatures vanquished.

Grand Total: 738 creatures vanquished

Notes
Turn   | Place    | Note
-------+----------+-------------------------------------------
     0 | D:1      | kae the Deep Elf Fire Elementalist began the quest for the
                  | Orb.
     0 | D:1      | Reached XP level 1. HP: 10/10 MP: 6/6
   456 | D:1      | Reached XP level 2. HP: 15/15 MP: 2/8
   519 | D:1      | Learned a level 2 spell: Scorch
   951 | D:2      | Reached XP level 3. HP: 20/20 MP: 4/9
  1064 | D:2      | Found a faded altar of an unknown god.
  1985 | D:3      | Learned a level 3 spell: Conjure Flame
  2206 | D:3      | Reached skill level 1 in Fighting
  2206 | D:3      | Reached XP level 4. HP: 25/25 MP: 8/11
  2849 | D:4      | Noticed a black bear
  3053 | D:4      | Noticed a phantom
  3056 | D:4      | Killed a black bear
  3057 | D:4      | Reached XP level 5. HP: 21/29 MP: 5/13
  3066 | D:4      | Killed a phantom
  3067 | D:4      | Reached skill level 5 in Fire Magic
  3067 | D:4      | Reached XP level 6. HP: 22/35 MP: 0/14
  3087 | D:4      | Found a sand-covered staircase.
  3126 | Ossuary  | Entered an ossuary
  3566 | Ossuary  | Learned a level 3 spell: Inner Flame
  3571 | Ossuary  | Learned a level 4 spell: Flame Wave
  3882 | D:4      | Reached XP level 7. HP: 36/40 MP: 9/16
  4414 | D:5      | Entered Level 5 of the Dungeon
  4577 | D:5      | Found a basalt altar of Yredelemnul.
  4637 | D:5      | Reached skill level 5 in Spellcasting
  4637 | D:5      | Reached skill level 5 in Conjurations
  4784 | D:5      | Found a sparkling altar of Nemelex Xobeh.
  5312 | D:5      | Reached XP level 8. HP: 45/45 MP: 10/18
  6068 | D:6      | Found an opulent altar of Gozag.
  6269 | D:6      | Noticed Menkaure
  6275 | D:6      | Killed Menkaure
  6620 | D:7      | Noticed a gargoyle
  6755 | D:7      | Noticed Maggie
  6943 | D:7      | Reached XP level 9. HP: 52/52 MP: 15/21
  7491 | D:7      | Killed a gargoyle
  8078 | D:7      | Found a staircase to the Ecumenical Temple.
  8104 | D:7      | Killed Maggie
  8179 | Temple   | Entered the Ecumenical Temple
  8264 | Temple   | Became a worshipper of Vehumet
  8320 | D:7      | Found a glowing golden altar of the Shining One.
  8749 | D:8      | HP: 2/52 [something (2)]
  8761 | D:8      | Found Opapofri's Armour Shoppe.
  8823 | D:8      | Found a flagged portal.
  8877 | Bailey   | Entered a bailey
  9143 | Bailey   | Reached * piety under Vehumet
  9143 | Bailey   | Offered knowledge of Shock by Vehumet.
  9426 | Bailey   | Identified the ring "Natranye" {*Corrode rPois rC+ rN+
                  | Str+8}
  9426 | Bailey   | Noticed an orc knight
  9435 | Bailey   | Killed an orc knight
  9989 | D:8      | Found Goti's General Store.
 10130 | D:8      | Reached XP level 10. HP: 53/58 MP: 21/24
 10158 | D:8      | Found a shimmering altar of Xom.
 10161 | D:8      | Found a sacrificial altar of Ru.
 10176 | D:8      | Found a bloodstained altar of Trog.
 10179 | D:8      | Found a burning altar of Makhleb.
 10198 | D:8      | Found a snail-covered altar of Cheibriados.
 10367 | D:8      | Found Resisi's Distillery.
 10391 | D:8      | Reached skill level 10 in Fire Magic
 10610 | D:8      | Found Hokitroe's Assorted Antiques.
 10615 | D:8      | Bought 2 glowing yellow potions for 48 gold pieces
 10860 | D:9      | Noticed a two-headed ogre
 10891 | D:9      | Killed a two-headed ogre
 10892 | D:9      | Reached skill level 5 in Fighting
 11033 | D:9      | Reached ** piety under Vehumet
 11085 | D:9      | Offered knowledge of Poisonous Vapours by Vehumet.
 11258 | D:9      | Reached skill level 10 in Conjurations
 11753 | D:9      | Found a stormy altar of Qazlal.
 11805 | D:10     | Entered Level 10 of the Dungeon
 11824 | D:10     | Noticed a cyclops
 11824 | D:10     | Noticed a centaur warrior
 11849 | D:10     | Noticed a red ugly thing
 11922 | D:9      | Learned a level 4 spell: Sticky Flame
 11926 | D:9      | Learned a level 3 spell: Ignite Poison
 11942 | D:10     | Slain by a red ugly thing

Illustrated notes

Levels and vault maps discovered:
D:1:      wander_arrival_estate, layout_rooms, minmay_distorted
D:2:      layout_basic, dreamdust_ecumenical_altar_grove,
          chequers_serial_rivers_small_a, amcnicky_mini_pool_small,
          minmay_misc_feat_columns, fountainhead
D:3:      layout_loops_ring
D:4:      layout_gridville, gup_ossuary_entry_pyramid, minivault_11
D:5:      layout_basic, lemuel_coloured_pillars_altar,
          mainiacjoe_overflow_alcove_4, chequers_jeans, dreamdust_wishing_well,
          glass_columns_c
D:6:      layout_loops_ring, nicolae_gozag_seed_capital, corexii_corridor_pit,
          uniq_menkaure
D:7:      layout_rooms, tso_oasis_becter, minmay_temple_entry_hall, uniq_maggie
D:8:      layout_rooms, minmay_overflow_temple_star_hex, serial_shops,
          nicolae_take_the_stairs, shop, kennysheep_little_box,
          nicolae_shop_statue_plus, enter_bailey_3
D:9:      layout_cave_pools, nicolae_overflow_hidden_temple,
          kennysheep_nondescript, roderic_batcave
D:10:     minmay_curly_fans, layout_cross, fedhas_altar_4,
          mainiacjoe_overflow_alcove_2, nzn_random_ring
Temple:   zaba_magenta_temple

Skill      XL: |  1  2  3  4  5  6  7  8  9 10 |
---------------+-------------------------------+-----
Conjurations   | 2 3 4 5 7 9 10 | 10.1
Fire Magic     | 4 5 6 8 9 10 | 10.7
Fighting       | 1 2 3 4 5 |  5.2
Spellcasting   | 4 5 6 8 |  8.9
Dodging        | 3 |  3.6
Stealth        | |  2.4

Action                   |  1- 3 |  4- 6 |  7- 9 | 10-12 || total
-------------------------+-------+-------+-------+-------++-------
Melee: Unarmed           |     1 |       |       |       ||     1
       Staff             |     1 |       |     1 |     2 ||     4
 Cast: Foxfire           |    70 |    43 |   139 |    64 ||   316
       Scorch            |    12 |    32 |    53 |    27 ||   124
       Conjure Flame     |       |       |     7 |     1 ||     8
       Flame Wave        |       |       |     6 |     5 ||    11
       Inner Flame       |       |       |     4 |       ||     4
       Sticky Flame      |       |       |       |    10 ||    10
  Use: Scroll            |       |    17 |     5 |     3 ||    25
       Potion            |       |       |     2 |     1 ||     3
Armor: Robe              |     1 |     9 |     3 |       ||    13
       Swamp dragon scal |       |       |     8 |    23 ||    31
Dodge: Dodged            |    18 |    54 |    64 |    99 ||   235
Block: Other             |       |       |    13 |       ||    13
       Reflection        |       |       |     2 |       ||     2

Table legend: (Time is in decaauts)
 A = Elapsed time spent in this place.
 B = Non-inter-level travel time spent in this place.
 C = Inter-level travel time spent in this place.
 D = Time resting spent in this place.
 E = Time spent auto-exploring this place.
 F = Levels seen in this place.
 G = Mean time per level.
                   A        B        C        D        E       F      G
               +--------+--------+--------+--------+--------+-----+--------+
         Total |  11957 |  11344 |    613 |   1257 |   8198 |  13 |  919.8 |
       Dungeon |  10172 |   9602 |    570 |    641 |   7457 |  10 | 1017.2 |
        Temple |     98 |     55 |     43 |      0 |     50 |   1 |   98.0 |
       Ossuary |    712 |    712 |      0 |    171 |    399 |   1 |  712.0 |
        Bailey |    973 |    973 |      0 |    445 |    292 |   1 |  973.0 |
               +--------+--------+--------+--------+--------+-----+--------+

Top non-repeatable levels by time:
     D:6: 2079 daAuts
     D:2: 1281 daAuts
     D:5: 1146 daAuts
     D:9: 1120 daAuts
     D:8: 1064 daAuts
     D:4: 994 daAuts
     D:7: 988 daAuts
  Bailey: 973 daAuts
     D:3: 774 daAuts
 Ossuary: 712 daAuts
     D:1: 647 daAuts
  Temple: 98 daAuts
    D:10: 74 daAuts
